 Dungeon Crawl Stone Soup version 0.31.0-11-ge490571c62 (webtiles) character file.

Game seed: 13749407965669008771

36 Gadfly the Insei (level 3, -3/29 HPs)
             Began as a Demonspawn Monk on Feb 2, 2024.
             Slain by Sigmund
             ... wielding a +0 scythe
              (11 damage)
             ... on level 2 of the Dungeon.
             The game lasted 00:01:46 (1370 turns).

Gadfly the Insei (Demonspawn Monk)                  Turns: 1370, Time: 00:01:47

Health: -3/29      AC:  3    Str: 13    XL:     3   Next: 19%
Magic:  3/3        EV: 13    Int: 10    God:
Gold:   75         SH:  0    Dex: 15    Spells: 2/2 levels left

rFire   . .          .
                       - Unarmed
rCold   . . .        c - orb {light}
rNeg    . . .        a - +1 robe
rPois   .            (no helmet)
rElec   .            (no cloak)
rCorr   .            (no gloves)
SInv    .            (no boots)
Will    .....        (no amulet)
Stlth   +            (no ring)
HPRegen 0.24/turn    (no ring)
MPRegen 0.08/turn

%: no passive effects
@: confused, ambrosia-drunk, glowing
A: hooves 1
a: no special abilities


You were on level 2 of the Dungeon.
You visited 1 branch of the dungeon, and saw 2 of its levels.

You collected 75 gold pieces.

Inventory:

Armour
 a - a +1 robe (worn)
 c - an orb of light (worn)
Scrolls
 f - a scroll of enchant armour
 g - 5 scrolls of blinking
 h - a scroll of revelation {unknown}
 j - a scroll of identify
Potions
 d - a potion of enlightenment
 e - a potion of attraction {unknown}
 i - a potion of heal wounds


   Skills:
 - Level 3.0 Fighting
 + Level 2.9 Dodging
 * Level 3.1 Unarmed Combat
 * Level 1.2 Evocations
 * Level 1.1 Shapeshifting


You had 2 spell levels left.
You didn't know any spells.
Your spell library was empty.

Dungeon Overview and Level Annotations

Branches:
Dungeon (2/15)

Altars:

Annotations:
D:2 Sigmund


Innate Abilities, Weirdness & Mutations

You have large cloven feet.


Message History

There is a stone staircase leading up here.
e - a dark potion
Found a stone staircase leading down.
g - 3 scrolls of blinking No target in view!
No target in view!
No target in view!
No target in view!
h - a scroll labelled BEUVVA CEM
j - a scroll of identify No target in view!
g - 5 scrolls of blinking (gained 2) Sigmund the Dreaded comes into view.
He is wielding a +0 scythe.
Sigmund shouts!
Sigmund is nearby!
Sigmund is nearby!
You aren't carrying any items that you can evoke.
Sigmund hits you with a +0 scythe.
You hit Sigmund. Your kick misses Sigmund.
Sigmund is lightly wounded.
Sigmund points at you and mumbles some strange words.
The magic dart hits you!
You hit Sigmund. You kick Sigmund.
Sigmund is lightly wounded.
Sigmund points at you and mumbles some strange words.
You resist with significant effort.
You hit Sigmund but do no damage. You kick Sigmund.
Sigmund is moderately wounded.
Sigmund hits you with a +0 scythe.
You are too injured to fight recklessly!
You hit Sigmund.
Sigmund is heavily wounded.
You hit Sigmund.
Sigmund is heavily wounded.
Sigmund hits you with a +0 scythe!
* * * LOW HITPOINT WARNING * * *
You are confused.
You feel invigorated. Sigmund hits you with a +0 scythe!
You die...
Sigmund begins carving another notch in his scythe.

..... ## ......
.. ...... .##
...... ####
..##......
....##.........
###....@.......
.....##@....#..
..###...........
...............#
########.#####...
####........#
#..#
...........##
#..##
#####.......#
#...## #.......#
###...##
#.......#
#).....##


You could see Sigmund.

Vanquished Creatures
  5 endoplasms (D:1)
  A giant cockroach (D:1)
  3 goblins
  3 hobgoblins (D:1)
  3 quokkas (D:1)
  4 ball pythons (D:1)
  A bat (D:1)
  3 frilled lizards
  4 kobolds (D:1)
  6 rats (D:1)
33 creatures vanquished.

Notes
Turn   | Place    | Note
-------+----------+-------------------------------------------
     0 | D:1      | Gadfly the Demonspawn Monk began the quest for the Orb.
     0 | D:1      | Reached XP level 1. HP: 18/18 MP: 1/1
   327 | D:1      | Gained mutation: You have large cloven feet. [demonic
                  | ancestry]
   327 | D:1      | Reached XP level 2. HP: 13/24 MP: 2/2
   567 | D:1      | Reached skill level 1 in Evocations
   572 | D:1      | Reached skill level 1 in Shapeshifting
   654 | D:1      | Reached XP level 3. HP: 17/29 MP: 3/3
  1361 | D:2      | Noticed Sigmund
  1370 | D:2      | Slain by Sigmund

Illustrated notes

Levels and vault maps discovered:
D:1:      roderic_octagonal_star, layout_basic, st_stairs_9
D:2:      minmay_chambers_of_twos, layout_rooms, serial_park_tiny_pond,
          hex_large, uniq_sigmund, uniq_robin, uniq_terence

Skill      XL: |  1  2 |
---------------+-------+-----
Unarmed Combat | 3 |  3.1
Evocations     | 1 |  1.2
Shapeshifting  | 1 |  1.1
Fighting       | |  3.0
Dodging        | |  2.9

Action                     || total
---------------------------++-------
  Melee: Unarmed           ||   101
         Kick              ||    18
    Use: Scroll            ||     6
         Potion            ||     2
 Armour: Robe              ||    46
  Dodge: Dodged            ||    50
